 Dungeon Crawl Stone Soup version 0.29-a0-352-g0917bc69df (webtiles) character file.

Game seed: 5723552608249868026

39 greenreed the Ducker (level 3, 0/35 HPs)
             Began as a Gnoll Monk on Apr 23, 2022.
             Slain by a goblin
             ... wielding a +0 dagger
             ... led by Robin
              (3 damage)
             ... on level 2 of the Dungeon.
             The game lasted 00:01:48 (870 turns).

greenreed the Ducker (Gnoll Monk)                    Turns: 870, Time: 00:01:49

Health: 0/35       AC:  2    Str: 12    XL:     3   Next: 45%
Magic:  4/4        EV: 15    Int:  9    God:
Gold:   86         SH:  0    Dex: 14    Spells: 3/3 levels left

rFire   . . .      SeeInvis .   a - +0 mace
rCold   . . .      Faith    .   (no shield)
rNeg    . . .      Spirit   .   b - +0 robe
rPois   .          Reflect  .   (no helmet)
rElec   .          Harm     .   (no cloak)
rCorr   .          Rampage  .   (no gloves)
Will    .....                   (no boots)
Stlth   +++.......              (no amulet)
HPRegen 0.11/turn               (no ring)
MPRegen 0.09/turn               (no ring)

@: no status effects
A: fangs 1, strong nose, distributed training
a: no special abilities


You were on level 2 of the Dungeon.
You visited 1 branch of the dungeon, and saw 2 of its levels.

You collected 86 gold pieces.

Inventory:

Hand Weapons
 a - a +0 mace (weapon)
Armour
 b - a +0 robe (worn)
Jewellery
 j - an amulet of guardian spirit
Scrolls
 e - a scroll of vulnerability {unknown}
 i - a scroll of enchant armour {unknown}
 k - a scroll of torment {unknown}
Potions
 c - a potion of ambrosia
 d - a potion of heal wounds {unknown}
 f - a potion of lignification {unknown}
 g - a potion of resistance {unknown}
 h - a potion of invisibility {unknown}
 l - 2 potions of mutation {unknown}


   Skills:
 + Level 6.5 Fighting
 + Level 0.8 Short Blades
 + Level 0.8 Long Blades
 + Level 0.8 Axes
 + Level 6.5 Maces & Flails
 + Level 0.8 Polearms
 + Level 0.8 Staves
 + Level 0.8 Slings
 + Level 0.8 Bows
 + Level 0.8 Crossbows
 + Level 0.8 Throwing
 + Level 0.8 Armour
 + Level 6.5 Dodging
 + Level 4.1 Stealth
 + Level 0.8 Shields
 + Level 0.8 Unarmed Combat
 + Level 0.8 Spellcasting
 + Level 0.5 Conjurations
 + Level 0.5 Hexes
 + Level 0.5 Summonings
 + Level 0.5 Necromancy
 + Level 0.5 Translocations
 + Level 0.5 Transmutations
 + Level 0.5 Fire Magic
 + Level 0.5 Ice Magic
 + Level 0.5 Air Magic
 + Level 0.5 Earth Magic
 + Level 0.5 Poison Magic
 + Level 1.0 Invocations
 + Level 0.8 Evocations


You had 3 spell levels left.
You didn't know any spells.
Your spell library was empty.

Dungeon Overview and Level Annotations

Branches:
Dungeon (2/15)

Altars:

Shops:
D:1 [

Annotations:
D:2 Robin


Innate Abilities, Weirdness & Mutations

You have very sharp teeth.
Your uncanny sense of smell can sniff out nearby items.
Your experience applies equally to all skills.


Message History

The goblin no longer looks unusually strong.
The bat closely misses you.
The bat closely misses you. x2; Robin throws the goblin at you!
The goblin barely misses you.
You hit the goblin but do no damage. Your bite misses the goblin.
The bat barely misses you. The bat closely misses you.
The goblin hits you with a +0 dagger.
You sock the worm!
The worm is moderately wounded.
The bat hits you but does no damage. The bat misses you.
Robin points. "Kill!"
The goblin barely misses you.
You hit the worm but do no damage. You bite the worm, but do no damage.
The worm is moderately wounded.
The bat closely misses you. The worm bites you.
Robin roars a battlecry!
The goblins go into a battle-frenzy!
The goblin hits you with a +0 dagger.
You sock the worm!
The worm is severely wounded.
The bat hits you but does no damage. x2; The goblin closely misses you.
The worm misses you.
You hit the worm.
The worm is almost dead.
The bat completely misses you. The goblin misses you.
You hit the worm but do no damage.
The worm is almost dead.
The bat misses you. The bat hits you but does no damage.
The goblin closely misses you. The worm closely misses you.
You hit the worm but do no damage.
The worm is severely wounded.
The bat hits you but does no damage. The bat barely misses you.
The goblin misses you. The worm bites you!
* * * LOW HITPOINT WARNING * * *
You sock the worm!
You kill the worm!
The bat misses you. The bat hits you.
* * * LOW HITPOINT WARNING * * *
The goblin hits you with a +0 dagger.
You die... ∆$$# #.# ∆∆!#. #.# ∆ ∆∆∆#. #.# .g#.# g#.## ggb

##+## #b# # ##.<.## #
#@###.#
##.....###.##.g.#.#
##.......##........#
#.........#..#...#.####
+...).....+............
#.........##.#...#.####
##>......###.##..#.#
##.....## # ##.#.#
##...## #.#.#


You could see Robin, a hobgoblin (strong), 3 goblins and 2 bats.

Vanquished Creatures
  A gnoll (D:1)
  A worm (D:2)
  A dart slug (D:1)
  3 endoplasms (D:1)
  2 giant cockroaches (D:1)
  8 goblins
  A hobgoblin (D:1)
  2 quokkas (D:1)
  A ball python (D:2)
  2 bats (D:1)
  2 rats (D:1)
24 creatures vanquished.

Notes
Turn   | Place    | Note
-------+----------+-------------------------------------------
     0 | D:1      | greenreed the Gnoll Monk began the quest for the Orb.
     0 | D:1      | Reached XP level 1. HP: 23/23 MP: 1/1
    37 | D:1      | Reached XP level 2. HP: 23/29 MP: 2/2
   346 | D:1      | Found Hutwu's Armour Shoppe.
   401 | D:1      | Reached XP level 3. HP: 34/35 MP: 3/3
   838 | D:2      | Noticed Robin
   852 | D:2      | Reached skill level 1 in Invocations
   870 | D:2      | Slain by a goblin

Illustrated notes

Levels and vault maps discovered:
D:1:      ncdulo_lavacross, layout_loops_ring, serial_shops,
          nicolae_shop_behind_doors, amethyst_killhole, st_stairs_6,
          minmay_cupped
D:2:      minmay_general_purpose_star, layout_loops_corners,
          dreamdust_ecumenical_altar_angels_and_demons, mrwooster_statue_mirror,
          due_unseen_surprise, uniq_crazy_yiuf_cottage, uniq_robin

Skill      XL: |  1  2  3 |
---------------+----------+-----
Invocations    | 1 |  1.0
Fighting       | |  6.5
Short Blades   | |  0.8
Long Blades    | |  0.8
Axes           | |  0.8
Maces & Flails | |  6.5
Polearms       | |  0.8
Staves         | |  0.8
Slings         | |  0.8
Bows           | |  0.8
Crossbows      | |  0.8
Throwing       | |  0.8
Armour         | |  0.8
Dodging        | |  6.5
Stealth        | |  4.1
Shields        | |  0.8
Unarmed Combat | |  0.8
Spellcasting   | |  0.8
Conjurations   | |  0.5
Hexes          | |  0.5
Summonings     | |  0.5
Necromancy     | |  0.5
Translocations | |  0.5
Transmutations | |  0.5
Fire Magic     | |  0.5
Ice Magic      | |  0.5
Air Magic      | |  0.5
Earth Magic    | |  0.5
Poison Magic   | |  0.5
Evocations     | |  0.8

Action                   || total
-------------------------++-------
Melee: Mace              ||    61
       Bite              ||     9
       Punch             ||     2
 Stab: Sleeping          ||     6
Armor: Robe              ||    13
Dodge: Dodged            ||    68

Table legend: (Time is in decaauts)
 A = Elapsed time spent in this place.
 B = Non-inter-level travel time spent in this place.
 C = Inter-level travel time spent in this place.
 D = Time resting spent in this place.
 E = Time spent auto-exploring this place.
 F = Levels seen in this place.
 G = Mean time per level.
                   A        B        C        D        E       F      G
               +--------+--------+--------+--------+--------+-----+--------+
         Total |    874 |    874 |      0 |      0 |    706 |   2 |  437.0 |
       Dungeon |    874 |    874 |      0 |      0 |    706 |   2 |  437.0 |
               +--------+--------+--------+--------+--------+-----+--------+

Top non-repeatable levels by time:
     D:1: 776 daAuts
     D:2: 97 daAuts
